 Dungeon Crawl Stone Soup version 0.24-a0-715-g0b739ee41d (webtiles) character file.

Game seed: 9322007522440663214, levelgen mode: deterministic

164 DevastatorOne the Chopper (level 5, -3/41 HPs)
             Began as a Demonspawn Fighter on Sept 30, 2019.
             Slain by Grinder (6 damage)
             ... while paralysed by Grinder
             ... in a sewer.
             The game lasted 00:03:01 (1765 turns).

DevastatorOne the Chopper (Demonspawn Fighter)      Turns: 1765, Time: 00:03:01

Health: -3/41      AC:  6    Str: 17    XL:     5   Next: 21%
Magic:  5/5        EV:  2    Int:  9    God:
Gold:   59         SH:  0    Dex: 13    Spells: 4/4 levels left

rFire    . . .     SeeInvis .   a - +0 war axe
rCold    . . .     Gourm    .   c - +0 shield
rNeg     . . .     Faith    .   b - +0 scale mail
rPois    .         Spirit   .   (no helmet)
rElec    .         Reflect  .   (no cloak)
rCorr    .         Harm     .   (no gloves)
MR       .....                  (no boots)
Stlth    ..........             (no amulet)
HPRegen  0.13/turn              e - ring of attention (curse)
MPRegen  0.09/turn              (no ring)

@: paralysed
A: repulsion field 1, spiny 2
a: no special abilities


You were in a sewer.
You were very hungry.

You visited 1 branch of the dungeon, and saw 3 of its levels.
You also visited: Sewer.

You collected 59 gold pieces.

Inventory:

Hand Weapons
 a - a +0 war axe (weapon)
Missiles
 k - 7 datura-tipped darts (quivered)
 t - 19 poisoned darts
Armour
 b - a +0 scale mail (worn)
 c - a +0 shield (worn)
Jewellery
 e - a cursed ring of attention (left hand)
 n - a +6 ring of intelligence {unknown}
Scrolls
 g - 5 scrolls of identify {unknown}
 j - 3 scrolls of enchant armour {unknown}
 o - a scroll of noise {unknown}
 q - a scroll of fear {unknown}
 r - a scroll of remove curse {unknown}
 s - a scroll of amnesia {unknown}
Potions
 d - a potion of might
 h - 7 potions of heal wounds {unknown}
 i - a potion of haste {unknown}
 l - a potion of flight {unknown}
 m - a potion of agility {unknown}
 p - a potion of invisibility {unknown}
 u - 3 potions of curing {unknown}
Comestibles
 f - 4 rations


   Skills:
 - Level 3.0 Fighting
 * Level 4.1 Axes
 - Level 3.0 Armour
 + Level 2.2 Dodging
 - Level 2.6 Shields


You had 4 spell levels left.
You didn't know any spells.
Your spell library was empty.

Dungeon Overview and Level Annotations

Branches:
Dungeon (3/15)              Sewer (1/1)

Altars:
Cheibriados

Annotations:
Sewer Grinder


Innate Abilities, Weirdness & Mutations

You are surrounded by a mild repulsion field. (EV +2)
You are mostly covered in sharp spines.


Message History

A bat zombie comes into view.
A kobold comes into view. It is wielding a +0 short sword.
Grinder barely misses you.
The bat zombie moves out of view.
Your shield and scale mail prevent you from hitting Grinder.
Grinder is heavily wounded.
The kobold shouts!
A giant cockroach zombie comes into view.
The kobold throws a poisoned dart.
You block the poisoned dart. Grinder hits you.
* * * LOW HITPOINT WARNING * * *
You writhe in agony.
* * * LOW HITPOINT WARNING * * *
You slash Grinder!
Grinder is severely wounded.
Grinder gestures at you.
You suddenly lose the ability to move!
Grinder hits you but does no damage. Grinder hits you.
* * * LOW HITPOINT WARNING * * *
Grinder is struck by your spines. Grinder hits you.
You die...

#≈≈≈≈≈≈#...≈≈≈≈≈≈≈#≈≈≈#
#≈≈≈≈≈≈#...#≈≈≈≈≈≈#≈≈≈#
#≈≈≈≈≈≈≈...#≈≈≈≈≈≈#
#≈≈≈≈≈≈#...#≈≈≈≈≈≈#
#≈≈≈≈≈≈#...≈≈≈≈≈≈≈#≈≈≈#
#≈≈≈≈≈≈#...#≈≈≈≈≈≈#≈≈≈#
#≈≈≈≈≈...≈...≈≈≈≈≈#≈≈≈#
#≈≈.≈..#≈≈≈#..≈.≈≈#.≈≈#
#......#≈≈≈#....@.#≈≈≈#
#+#######≈#######5#.≈≈#
#...#.(..()#.≈≈#
≈...Z.≈.≈≈≈≈≈≈.≈#
≈#..K#≈≈≈≈≈≈#≈≈≈#
####'############# #.
.. .


You could see Grinder.

Vanquished Creatures
  4 big kobold zombies (Sewer)
  An adder (D:2)
  A shadow imp (Sewer)
  An ooze (D:3)
  2 worms (D:3)
  2 dart slugs
  3 leopard geckos (D:3)
  2 orcs (D:3)
  5 bats
  A bat zombie (Sewer)
  2 giant cockroaches
  4 goblins
  9 hobgoblins
  14 kobolds
  A kobold zombie (Sewer)
  10 rats
62 creatures vanquished.

Notes
Turn   | Place    | Note
-------+----------+-------------------------------------------
     0 | D:1      | DevastatorOne the Demonspawn Fighter began the quest for
                  | the Orb.
     0 | D:1      | Reached XP level 1. HP: 18/18 MP: 1/1
    27 | D:1      | Reached skill level 2 in Axes
    97 | D:1      | Gained mutation: You are partially covered in sharp spines.
                  | [demonic ancestry]
    97 | D:1      | Reached XP level 2. HP: 17/24 MP: 2/2
   666 | D:2      | Found a snail-covered altar of Cheibriados.
   693 | D:2      | Reached skill level 1 in Dodging
   693 | D:2      | Gained mutation: You are mostly covered in sharp spines.
                  | [demonic ancestry]
   693 | D:2      | Reached XP level 3. HP: 15/29 MP: 3/3
  1325 | D:3      | Reached skill level 3 in Axes
  1437 | D:3      | Reached XP level 4. HP: 30/35 MP: 4/4
  1438 | D:3      | Found a glowing drain.
  1449 | Sewer    | Entered a sewer
  1721 | Sewer    | Gained mutation: You are surrounded by a mild repulsion
                  | field. (EV +2) [demonic ancestry]
  1721 | Sewer    | Reached XP level 5. HP: 32/41 MP: 5/5
  1722 | Sewer    | Reached skill level 4 in Axes
  1728 | Sewer    | Noticed Grinder
  1763 | Sewer    | Paralysed by Grinder for 6 turns
  1765 | Sewer    | Slain by Grinder

Levels and vault maps discovered:
D:1:      saegor_arrival_simple_b, layout_basic, serial_bayou_pond_e,
          nrook_campfire, minmay_unequal
D:2:      layout_basic, kennysheep_slug_shrine
D:3:      layout_basic, grunt_dithmenos_smoke, marbit_many_paths, first_ration,
          portal_sewer_entry_f, minmay_crystal_room, cheibrodos_gnoll_hut
Sewer:    kennysheep_sewer_church

Skill      XL: |  1  2  3  4  5 |
---------------+----------------+-----
Axes           | 2 3 4 |  4.1
Armour         | 3 |  3.0
Dodging        | 1 2 |  2.2
Fighting       | |  3.0
Shields        | |  2.6

Action                   |  1- 3 |  4- 6 || total
-------------------------+-------+-------++-------
Melee: War axe           |   104 |    55 ||   159
  Eat: Chunk             |     2 |       ||     2
Armor: Scale mail        |    25 |    23 ||    48
Dodge: Dodged            |    23 |    17 ||    40
Block: Shield            |    57 |    26 ||    83

Table legend:
 A = Non-vault XP
 B = Vault XP
 C = Vault XP percentage of total XP
 D = Non-vault monster count
 E = Vault monster count
 F = Vault count percentage of total count
                 A         B        C        D         E       F
            +---------+---------+-------+---------+---------+-------
      Total |      87 |     148 |  63.0 |      37 |      25 |  40.3
            +---------+---------+-------+---------+---------+-------
        D:1 |      28 |       5 |  15.2 |      19 |       3 |  13.6
        D:2 |      16 |       4 |  20.0 |       3 |       1 |  25.0
        D:3 |      43 |       8 |  15.7 |      15 |       3 |  16.7
      Sewer |       0 |     131 | 100.0 |       0 |      18 | 100.0
            +---------+---------+-------+---------+---------+-------
